 Dungeon Crawl Stone Soup version 0.7.2 character file.

217 Arnot the Charm-Maker (level 4, -4/19 HPs)
             Began as a Spriggan Enchanter on Mar 19, 2011.
             Killed from afar by slurm's ghost (5 damage)
             ... with a puff of frost
             ... on Level 3 of the Dungeon.
             The game lasted 00:17:05 (2340 turns).

Arnot the Charm-Maker (Spriggan Enchanter)          Turns: 2340, Time: 00:17:05

HP  -4/19        AC  3     Str  4 Exp: 4/113 (0), need: 68
MP   8/12        EV 18     Int 17      God:
Gold 138         SH  0     Dex 16      Spells:  3 memorised,  2 levels left

Res.Fire  : . . .   See Invis. : +   a - +1 dagger
Res.Cold  : + . .   Warding    : .   b - +1 robe
Life Prot.: . . .   Conserve   : .   (shield restricted)
Res.Poison: .       Res.Corr.  : .   (helmet restricted)
Res.Elec. : .       Clarity    : .   (no cloak) Spirit.Shd: . Stasis : .
                                     (gloves unavailable)
Sust.Abil.: . .     Rnd.Telep. : .   (boots unavailable)
Res.Mut.  : .       Ctrl.Telep.: .   (no amulet)
Res.Rott. : .       Levitation : .   (no ring)
Saprovore : . . .   Ctrl.Flight: .   j - ring of protection from cold

@: very slightly glowing, very quick, slightly resistant to hostile
enchantments, quite stealthy
A: unfitting armour, see invisible, herbivore 3, speed 3, slow metabolism 3
a: no special abilities


You were on level 3 of the Dungeon.
You were not hungry.

You visited 1 branch of the dungeon, and saw 3 of its levels.

You collected 118 gold pieces.

Inventory:

Hand weapons
 a - a +1,+1 dagger (weapon)
Missiles
 d - 16 +1 darts (quivered)
 g - 16 +0 stones
Armour
 b - a +1 robe (worn)
Comestibles
 i - a pear
 p - 5 grapes
 u - a bread ration
Scrolls
 h - 2 scrolls of detect curse
 k - 2 scrolls of teleportation
 o - 5 scrolls of remove curse
Jewellery
 j - a ring of protection from cold (left hand)
 m - an uncursed ring of levitation
 r - an uncursed ring of levitation
Potions
 e - a potion of porridge
 t - a potion of cure mutation
Books
 c - a book of Charms

   Spells                             Type                      Level
   *Corona                            Enchantment                  1
   *Repel Missiles                    Enchantment/Air              2
   *Ensorcelled Hibernation           Enchantment/Ice              2
   Confuse                            Enchantment                  3
   Enslavement                        Enchantment                  4
   Silence                            Enchantment/Air              5
   Invisibility                       Enchantment                  6
   You had 0 experience left.


   Skills:
 - Level 2 Short Blades
 - Level 1 Throwing
 - Level 3 Dodging
 - Level 4 Stealth
 + Level 3 Stabbing
 - Level 2 Spellcasting
 - Level 6 Enchantments
 + Level 1 Ice Magic


You had 2 spell levels left.
You knew the following spells:

 Your Spells              Type           Power        Success   Level
a - Corona                Ench           ####....     Excellent   1
b - Ensorcelled Hibernat  Ice/Ench       ###....      Great       2
c - Repel Missiles        Air/Ench       ###.......   Great       2

Dungeon Overview and Level Annotations

Branches:
Dungeon (3/27)

Altars:
Cheibriados
Nemelex Xobeh
Zin


Innate Abilities, Weirdness & Mutations

You are tiny and cannot use many weapons and most armour.
You have supernaturally acute eyesight.
You are a herbivore.
You cover ground extremely quickly.
You need consume almost no food.


Message History

slurm's ghost misses you.
You hit slurm's ghost, but do no damage. slurm's ghost hits you.
* * * LOW HITPOINT WARNING * * *
slurm's ghost points at you and mumbles some strange words.
The puff of frost hits you! You resist.
You die...

...........
.........#. .
.......... #...
.......... ....
###.#.#.#. #. ...
......... #.##.. .
....#.#.
......####..#
....... .......
.... ..... #..<#
#..# #.#. #..@#
#..# .#. #...#
#..# #...# #..#
###..p###..####..
#.................
###.#.###.........
#.#.# #.##....##
#.#.# #.# ...#
#.#.# #.# .# #.#
#.# #### #.# #.#
#...


You could see slurm's ghost.

Vanquished Creatures
  Ijyb (D:2)
  2 snakes
  7 giant bats
  5 hobgoblins
  3 jackals (D:1)
  A quokka (D:3)
  A small snake (D:2)
  3 giant cockroaches
  4 giant newts
  6 goblins
  4 kobolds
  11 rats
  A toadstool (D:1)
49 creatures vanquished.

Notes
Turn   | Place    | Note
--------------------------------------------------------------
     0 | D:1      | Arnot, the Spriggan Enchanter, began the quest for the Orb.
     0 | D:1      | Reached XP level 1. HP: 8/8 MP: 4/4
   113 | D:1      | Reached skill 1 in Stabbing
   291 | D:1      | Reached XP level 2. HP: 11/11 MP: 5/7
   300 | D:1      | Learned a level 2 spell: Ensorcelled Hibernation
  1124 | D:2      | Reached XP level 3. HP: 16/16 MP: 6/9
  1129 | D:2      | Learned a level 2 spell: Repel Missiles
  1356 | D:2      | Noticed Ijyb
  1497 | D:2      | Defeated Ijyb
  1845 | D:2      | Found a sparkling altar of Nemelex Xobeh.
  2032 | D:3      | Found a glowing silver altar of Zin.
  2063 | D:3      | Reached XP level 4. HP: 19/19 MP: 10/12
  2201 | D:3      | Found a snail-covered altar of Cheibriados.
  2203 | D:3      | Reached skill 1 in Ice Magic
  2271 | D:3      | Noticed slurm's ghost
  2340 | D:3      | Killed from afar by slurm's ghost
